 Dungeon Crawl Stone Soup version 0.30-a0-168-g0b976cbdc4 (webtiles) character file.

Game seed: 7045351067834207877

62076 Sobieck the Warrior (level 15, -2/178 HPs)
             Began as an Ogre Gladiator on Sept 29, 2022.
             Was the Champion of Okawaru.
             Killed by divine providence
             ... invoked by an orc priest
              (10 damage)
             ... on level 2 of the Orcish Mines.
             The game lasted 00:51:17 (25922 turns).

Sobieck the Warrior (Ogre Gladiator)               Turns: 25922, Time: 00:51:18

Health: -2/178     AC: 15    Str: 28    XL:     15   Next: 5%
Magic:  21/21      EV: 13    Int:  9    God:    Okawaru [******]
Gold:   1535       SH:  7    Dex: 10    Spells: 14/14 levels left

rFire   . . .      SeeInvis .    a - +6 shillelagh "Devastator" {shatter}
rCold   . . .      Faith    .    (no shield)
rNeg    . . .      Spirit   .    T - +0 acid dragon scales
rPois   .          Reflect  +    Z - +2 hat
rElec   .          Harm     .    n - +2 cloak {Stlth+}
rCorr   +          Rampage  .    (gloves unavailable)
Will    +....                    (boots unavailable)
Stlth   ++........               l - amulet of reflection
HPRegen 0.39/turn                j - ring of the Octopus King {Wiz HP+2 AC+2 EV+2 SH+2}
MPRegen 0.17/turn                b - +4 ring of slaying

@: no status effects
A: large, unfitting armour, tough skin 1
a: Renounce Religion, Heroism, Finesse, Duel


You were on level 2 of the Orcish Mines.
You worshipped Okawaru.
Okawaru was exalted by your worship.
You visited 4 branches of the dungeon, and saw 21 of its levels.
You also visited: Bailey.

You collected 2985 gold pieces.
You spent 1450 gold pieces at shops.


Innate Abilities, Weirdness & Mutations

You are too large for most types of armour.
You have tough skin. (AC +1)


   Skills:
 + Level 17.9 Fighting
 + Level 14.6 Maces & Flails
 - Level 2.0 Ranged Weapons
 + Level 12.0 Throwing
 + Level 3.8 Armour
 - Level 6.0 Dodging
 + Level 8.1 Invocations


You had 14 spell levels left.
You didn't know any spells.
Your spell library contained the following spells:

 Spells                   Type           Power      Damage    Failure   Level
 Apportation              Tloc           0%         N/A       19%         1
 Sublimation of Blood     Necr           0%         N/A       28%         2
 Wereblood                Tmut           0%         N/A       28%         2
 Frozen Ramparts          Ice            0%         1d1       47%         3
 Gell's Gravitas          Tloc           0%         N/A       47%         3
 Ignite Poison            Fire/Tmut/Pois 0%         N/A       47%         3
 Lesser Beckoning         Tloc           0%         N/A       47%         3
 Teleport Other           Tloc           0%         N/A       47%         3
 Ice Form                 Ice/Tmut       0%         N/A       86%         4
 Passage of Golubria      Tloc           0%         N/A       86%         4
 Sticky Flame             Conj/Fire      0%         2d3       86%         4
 Alistair's Intoxication  Tmut/Pois      0%         N/A       99%         5
 Borgnjor's Vile Clutch   Necr/Erth      0%         N/A       99%         5
 Silence                  Hex/Air        0%         N/A       99%         5
 Eringya's Noxious Bog    Tmut/Pois      0%         N/A       100%        6
 Ignition                 Fire           0%         3d3       100%        8
 Lehudib's Crystal Spear  Conj/Erth      0%         10d2      100%        8
 Summon Ice Beast         Ice/Summ       Unusable   N/A       N/A         4
 Summon Hydra             Summ           Unusable   N/A       N/A         7

Inventory:

Hand Weapons
 a - the +6 shillelagh "Devastator" (weapon) {shatter}
   (You found it on level 5 of the Dungeon)

   It releases a powerful concussive burst when it strikes, dealing extra damage
   to the target and all other foes adjacent to them.
 c - the +7 morningstar of Plague {antimagic, Int+3, mace}
   (You acquired it in a bailey)

   It reduces the magical energy of the wielder, and disrupts the spells and
   magical abilities of those it strikes.
   Natural abilities and divine invocations are not affected.
   Int:       It affects your intelligence (+3).
 h - a +4 eveningstar of protection {macerare=g}
   (You bought it in a shop on level 4 of the Dungeon)
 v - the +8 morningstar "Niqyups" {speed, rElec Dex+4, mace}
   (You found it on level 3 of the Lair of Beasts)

   Attacks with this weapon are significantly faster.
   Dex:       It affects your dexterity (+4).
   rElec:     It insulates you from electricity.
 I - a +2 hand crossbow of flaming {crossbow}
   (Okawaru gifted it to you on level 1 of the Lair of Beasts)
Missiles
 d - 7 throwing nets {=f!fthrowing}
 p - 8 boomerangs {throwing}
 x - 4 javelins {throwing}
 y - 29 large rocks (quivered) {=fthrowing}
 G - 6 boomerangs of dispersal {=f!fthrowing}
 L - 3 atropa-tipped darts {throwing}
 O - 2 datura-tipped darts {throwing}
 S - 11 silver javelins {throwing}
Armour
 n - a +2 cloak of stealth (worn)
   (You took it off Crazy Yiuf on level 5 of the Dungeon)
 J - the +0 hat of the Gate {Fly Will- Str+4 SInv}
   (Okawaru gifted it to you on level 5 of the Lair of Beasts)

   Str:       It affects your strength (+4).
   SInv:      It lets you see invisible.
   Fly:       It grants you flight.
   Will:      It decreases your willpower.
 T - +0 acid dragon scales (worn)
   (You found it on level 11 of the Dungeon)
 Z - a +2 hat (worn)
   (You found it on level 9 of the Dungeon)
Jewellery
 b - a +4 ring of slaying (right hand)
   (You found it on level 4 of the Lair of Beasts)
 j - a ring of the Octopus King (left hand) {Wiz HP+2 AC+2 EV+2 SH+2}
   (You took it off an orc wizard on level 8 of the Dungeon)

   [ring of wizardry]

   It improves your spell success rate.
   AC:        It affects your AC (+2).
   EV:        It affects your evasion (+2).
   HP:        It affects your health (+2).
   SH:        It affects your SH (+2).
 l - an amulet of reflection (around neck)
   (You found it on level 1 of the Lair of Beasts)
 B - a ring of resist corrosion
   (You found it on level 5 of the Dungeon)
 E - a ring of ice
   (You found it on level 12 of the Dungeon)
 M - a +4 ring of protection
   (You found it on level 9 of the Dungeon)
 X - the ring "Jymeuzal" {Fire rElec}
   (You found it on level 12 of the Dungeon)

   [ring of fire]

   It enhances your fire magic.
   rF:        It protects you from fire.
   rC:        It makes you vulnerable to cold.
   rElec:     It insulates you from electricity.
Wands
 e - a wand of quicksilver (11)
   (You took it off Grinder on level 4 of the Dungeon)
 i - a wand of flame (12)
   (You found it on level 10 of the Dungeon)
 C - a wand of mindburst (11)
   (You took it off an orc warrior on level 8 of the Dungeon)
 H - a wand of charming (16)
   (You found it on level 5 of the Dungeon)
 K - a wand of iceblast (28)
   (You found it on level 6 of the Dungeon)
 N - a wand of polymorph (2)
   (You found it on level 3 of the Lair of Beasts)
 W - a wand of digging (6)
   (You found it on level 12 of the Dungeon)
Scrolls
 g - 2 scrolls of vulnerability {!r!r}
 k - a scroll of torment {!r}
 o - 7 scrolls of teleportation {@r4}
 t - a scroll of amnesia
 u - 2 scrolls of magic mapping {!r}
 A - a scroll of fear
 F - a scroll of poison {!r}
 P - 2 scrolls of enchant weapon
 Q - 10 scrolls of identify {@r1}
 U - a scroll of enchant armour
Potions
 f - 3 potions of heal wounds {@q2}
 q - 6 potions of curing {@q1}
 r - 4 potions of brilliance
 s - a potion of resistance
 w - 4 potions of lignification {!q}
 z - a potion of attraction {!q}
 D - 5 potions of haste {@q3}
 R - a potion of magic
 V - 3 potions of mutation {!q}
Miscellaneous
 m - a lightning rod (4/4)
   (You found it on level 2 of the Lair of Beasts)
 Y - a condenser vane
   (You found it on level 5 of the Lair of Beasts)

Dungeon Overview and Level Annotations

Branches:
Dungeon (13/15) Zot: 26619  Temple (1/1) D:7 Zot: 5981    Lair (5/5) D:8 Zot: 23680
 Shoals (0/4) Lair:2        Snake (0/4) Lair:3        Slime (0/5) Lair:4
    Orc (2/2) D:11 Zot: 11421  Bailey (visited)
    Elf: Orc:2       Vaults: D:13-14

Altars:
Ashenzari
Cheibriados
Dithmenos
Elyvilon
Fedhas
Gozag
Hepliaklqana
Kikubaaqudgha
Makhleb
Nemelex Xobeh
Okawaru
Qazlal
Ru
Sif Muna
Trog
Uskayaw
Vehumet
Wu Jian
Xom
Yredelemnul
Zin
The Shining One
Jiyva

Shops:
D:4 =([:(   D:5 **   D:9 *   D:10 (   Orc:2 *:(

Annotations:
D:1 2 runed translucent doors
D:5 1 runed translucent door, ytrimaz's ghost, novice OpTm
D:13 Azrael

###...............
##.#...............
#..................
##.#...............
##.#..........P..P
##.....#.......P...
##...............8..
#.......P...........
##<.@..P............∩
#†...P..8.....#......
##..P.÷.o.........P..
#...PP..o.......P....
........P..............
#......P........C.....P.
.......#....P............
........P.......P...C....
...#.......P...........$.


You could see an orc priest and an orc wizard.


Message History

The large rock {=fthrowing} hits the ettin.
An orc warrior comes into view. It is wielding a +0 hand axe.
You throw a large rock {=fthrowing}.
The large rock {=fthrowing} hits the ettin!!!
You kill the ettin!
Okawaru accepts your kill.
You throw a large rock {=fthrowing}.
The large rock {=fthrowing} hits the orc warrior.
An orc comes into view. It is wielding a +0 hand axe.
You see here a warg corpse.
The orc warrior hits you but does no damage.
You bludgeon the orc warrior!!
You kill the orc warrior!
Okawaru accepts your kill.
A cyclops comes into view.
Things that are here:
a +0 hand axe {axe}; a +0 plate armour; an orc corpse Unknown command.
The orc closely misses you.
You barely miss the orc. You block the orc's attack.
The cyclops throws a large rock.
The large rock hits you!!
You sock the orc!
You kill the orc!
Unknown command.
The cyclops throws a large rock.
The large rock hits you!!
You see here a large rock {=fthrowing}.
You are too injured to fight recklessly!
You are too injured to fight recklessly!
Unknown command.
You are too injured to fight recklessly!
Unknown command.
A cyclops comes into view.
You see here a large rock {=fthrowing}.
You barely miss the cyclops.
An orc priest comes into view. It is wielding a +0 mace.
The cyclops hits you!
Unknown command.
The cyclops shouts!
The orc priest shouts!
You hit the cyclops.
The cyclops shudders.
You hear a shout!
The orc priest mumbles some strange prayers to Beogh against you.
Beogh smites you!
You hit the cyclops.
The cyclops shudders.
You hear a howl!
The cyclops hits you.
You completely miss the cyclops.
Unknown command.
You bludgeon the cyclops!!
You kill the cyclops!
Okawaru accepts your kill.
You hear a howl!
You hear a shout! x3
Your Throwing skill increases to level 12!
Unknown command.
An orc wizard comes into view. It is wielding a +0 dagger.
Found Lykagh's Book Shoppe.
The orc wizard shouts!
The orc priest calls down the wrath of Beogh upon you.
You resist with some effort.
The cyclops throws a large rock.
The large rock hits you!!!
* * * LOW HITPOINT WARNING * * *
You hear a shout! x2
Things that are here:
6 large rocks {=fthrowing}; a cyclops corpse Unknown command.
You see here a large rock {=fthrowing}.
y - 29 large rocks {=fthrowing} (gained 1)
The orc priest calls down the wrath of Beogh upon you.
You resist with some effort.
The cyclops throws a large rock.
You reflect the large rock off an invisible shield around you!
The large rock barely misses the cyclops.
The orc priest looks satisfied for a moment.
You see here a large rock {=fthrowing}.
The orc priest miscasts a cantrip.
The orc wizard casts a spell at you.
You are confused.
Unknown command.
You feel better.
The cyclops throws a large rock.
The large rock hits you!!
* * * LOW HITPOINT WARNING * * *
Unknown command.
The orc priest invokes the aid of Beogh against you.
Beogh smites you!
* * * LOW HITPOINT WARNING * * *
The cyclops throws a large rock.
The large rock hits you!
* * * LOW HITPOINT WARNING * * *
The orc wizard points at you and mumbles some strange words.
You resist with almost no effort.
You hit the fungus.
The fungus begins to die.
The fungi shudder.
The fungus begins to die.
The orc priest calls down the wrath of Beogh upon you.
Beogh smites you!
* * * LOW HITPOINT WARNING * * *
You thump the fungus!
The fungi shudder.
The orc priest looks satisfied for a moment.
Unknown command.
The orc priest invokes the aid of Beogh against you.
Beogh smites you!
You die...

Skill      XL: |  1  2  3  4  5  6  7  8  9 10 11 12 13 14 15 |
---------------+----------------------------------------------+-----
Fighting       | 3 4 5 7 9 12 13 15 17 | 17.9
Maces & Flails | 3 4 5 7 9 10 11 14 | 14.6
Dodging        | 3 4 5 6 |  6.0
Throwing       | 3 4 5 6 7 9 10 11 12 | 12.0
Invocations    | 4 6 8 |  8.1
Ranged Weapons | 2 |  2.0
Armour         | 3 |  3.8

Action                   |  1- 3 |  4- 6 |  7- 9 | 10-12 | 13-15 || total
-------------------------+-------+-------+-------+-------+-------++-------
Melee: Flail             |    76 |    37 |    41 |       |       ||   154
       Punch             |       |       |     1 |     5 |     6 ||    12
       Shillelagh        |       |       |    82 |   376 |   284 ||   742
 Fire: Sling             |    17 |    88 |   166 |    53 |       ||   324
       Shortbow          |       |       |       |    82 |    15 ||    97
Throw: Stone             |     8 |       |     1 |     6 |       ||    15
       Large rock        |       |     1 |       |       |    94 ||    95
       Boomerang         |       |       |       |    54 |     9 ||    63
Invok: Heroism           |       |       |       |     4 |       ||     4
  Use: Potion            |       |     1 |     5 |       |     1 ||     7
       Scroll            |       |    10 |     7 |     9 |     2 ||    28
 Stab: Sleeping          |       |       |       |     2 |     1 ||     3
       Distracted        |       |       |       |     1 |       ||     1
Armor: Robe              |    24 |    19 |    59 |     6 |       ||   108
       Steam dragon scal |       |       |       |    91 |       ||    91
       Acid dragon scale |       |       |       |    43 |    61 ||   104
Dodge: Dodged            |    53 |    37 |   121 |   219 |    89 ||   519
Block: Other             |       |       |       |    20 |    57 ||    77
       Reflection        |       |       |       |       |     1 ||     1

Levels and vault maps discovered:
D:1:      erik_arrival_cave_to_civilisation [erik_arrival_cave_to_temple],
          layout_basic, nicolae_figureground_pulse
D:2:      layout_loops_cross, nicolae_ecumenical_pavilion, corexii_corridor_pit,
          minmay_fractal_squares_5, uniq_robin
D:3:      layout_basic
D:4:      layout_basic, serial_shops, nicolae_square_shop, shop, shop, shop,
          nicolae_shop_behind_doors, nicolae_titane, uniq_grinder
D:5:      layout_rooms, ebering_ghost_inner_flame,
          chequers_serial_rivers_room_b, nicolae_specific_store,
          uniq_crazy_yiuf_cottage, uniq_edmund
D:6:      nicolae_whirlpool, layout_basic, grunt_temple_overflow_open,
          old_standard_altar, serial_demonic, serial_demonic_c,
          serial_demonic_a, serial_demonic_d, serial_demonic_c, glass_columns_b
D:7:      layout_cave_pods, minmay_temple_entry_tees
D:8:      layout_rooms, bloody_trog, erik_lair_orcish_takeover
D:9:      layout_cave_pools, serial_shops, nicolae_stop_n_shop_1, enter_bailey_2
D:10:     layout_stronghold, serial_shops, shop, small_chamber_with_monster,
          minmay_misc_feat_ornament, kennysheep_nondescript
D:11:     layout_basic, erik_orc_4, kennysheep_potato, uniq_harold
D:12:     layout_gridville
D:13:     layout_gridville, serial_shops, nicolae_shop_bloodbath_and_beyond,
          ebering_ghost_gozag, uniq_erolcha, uniq_azrael
Temple:   minmay_freezing_vapour_temple
Lair:1:   layout_roguey, dpeg_stationary_puzzle, grunt_megastairs_1
Lair:2:   beast_lair_carwin_large_2, layout_gridlike, elwin_shoals_entry_rocks
Lair:3:   layout_regular_city, guppyfry_snake_entry_garden,
          serial_bayou_shore_a, lemuel_fruit_fields, grunt_megastairs_5,
          infiniplex_staircase_pool_2, lemuel_fruit_fields
Lair:4:   layout_cave_pods, dpeg_slime_entry_enclosed
Lair:5:   grunt_lair_end_beastmaster, layout_cave_pods
Orc:1:    layout_caves
Orc:2:    grunt_orc_gardens, layout_diamond_mine, grunt_orc_garden,
          grunt_orc_garden, grunt_orc_garden, grunt_orc_garden,
          ebering_ghost_disaster_area, minmay_orc_temple_a, uniq_josephine,
          uniq_urug

Notes
Turn   | Place    | Note
-------+----------+-------------------------------------------
     0 | D:1      | Sobieck the Ogre Gladiator began the quest for the Orb.
     0 | D:1      | Reached XP level 1. HP: 22/22 MP: 1/1
   101 | D:1      | Found a large runed translucent door.
   101 | D:1      | Found a large runed translucent door.
   101 | D:1      | Noticed an ogre
   102 | D:1      | Noticed an ogre
   103 | D:1      | Noticed an ogre
   104 | D:1      | Noticed an ogre
   239 | D:1      | Reached XP level 2. HP: 27/29 MP: 2/2
   279 | D:1      | Reached skill level 3 in Fighting
   302 | D:1      | Reached skill level 3 in Maces & Flails
   754 | D:1      | Reached XP level 3. HP: 25/37 MP: 3/3
  1031 | D:1      | Reached skill level 3 in Dodging
  1599 | D:2      | Found a faded altar of an unknown god.
  1610 | D:2      | Identified the +6 sling of Ywilyrum {venom, rN+ Will-
                  | rCorr}
  1698 | D:2      | Noticed Robin
  1701 | D:2      | Killed Robin
  1703 | D:2      | Reached XP level 4. HP: 41/45 MP: 4/4
  1720 | D:2      | HP: 10/45 [poisoned by a goblin]
  2603 | D:3      | Reached XP level 5. HP: 54/54 MP: 5/5
  2610 | D:3      | Reached skill level 3 in Throwing
  2615 | D:3      | Reached skill level 4 in Maces & Flails
  2644 | D:3      | Reached skill level 4 in Fighting
  2730 | D:3      | HP: 13/54 [adder (1)]
  3412 | D:3      | Reached XP level 6. HP: 43/62 MP: 6/6
  4115 | D:4      | Found Hohoirphi's Antique Weapon Emporium.
  4252 | D:4      | Noticed Grinder
  4285 | D:4      | Killed Grinder
  4286 | D:4      | Reached skill level 5 in Maces & Flails
  4286 | D:4      | Reached skill level 4 in Dodging
  4286 | D:4      | Reached XP level 7. HP: 45/71 MP: 7/7
  4447 | D:4      | Reached skill level 5 in Fighting
  4480 | D:4      | Found Zyghae's Antique Weapon Shop.
  4530 | D:4      | Found Hounesh's Armour Shoppe.
  4550 | D:4      | Identified the +1 robe of Glamorous Satisfaction {Rampage
                  | *Slow Dex+4}
  4647 | D:4      | Reached skill level 4 in Throwing
  4796 | D:4      | Found Hosatix's Book Emporium.
  4880 | D:4      | Found Mautaem's Jewellery Shop.
  4890 | D:4      | You pick up a book of Blood and begin reading...
  4890 | D:4      | You add the spells Sublimation of Blood, Wereblood and
                  | Summon Hydra to your library.
  5149 | D:5      | Entered Level 5 of the Dungeon
  5312 | D:5      | Found Siroelil's General Store.
  5315 | D:5      | Found Piut's Specific Store.
  5326 | D:5      | Noticed Edmund
  5381 | D:4      | Reached XP level 8. HP: 37/81 MP: 8/8
  6005 | D:5      | Found a runed translucent door.
  6006 | D:5      | Noticed ytrimaz's ghost (novice OpTm)
  6081 | D:5      | Reached skill level 6 in Maces & Flails
  6089 | D:5      | Reached skill level 6 in Fighting
  6144 | D:5      | HP: 19/83 [poisoned by a water moccasin]
  6149 | D:5      | Killed Edmund
  6380 | D:5      | Reached skill level 5 in Throwing
  6380 | D:5      | Reached skill level 5 in Dodging
  6856 | D:5      | Reached skill level 7 in Fighting
  6856 | D:5      | Reached skill level 7 in Maces & Flails
  6856 | D:5      | Reached XP level 9. HP: 85/93 MP: 9/9
  6977 | D:5      | Found a runed translucent door.
  6977 | D:5      | Found the +6 shillelagh "Devastator" {shatter}
  6978 | D:5      | Noticed Crazy Yiuf
  7117 | D:5      | Killed Crazy Yiuf
  7255 | D:6      | Found a sacrificial altar of Ru.
  7255 | D:6      | Found a blossoming altar of Fedhas.
  7256 | D:6      | Found a burning altar of Makhleb.
  7256 | D:6      | Found a radiant altar of Vehumet.
  7257 | D:6      | Found a shimmering blue altar of Sif Muna.
  7276 | D:6      | Found a broken altar of Ashenzari.
  8723 | D:6      | Reached skill level 6 in Throwing
  9105 | D:7      | Reached skill level 8 in Maces & Flails
  9167 | D:7      | Reached skill level 8 in Fighting
  9377 | D:7      | Found a staircase to the Ecumenical Temple.
  9387 | Temple   | Entered the Ecumenical Temple
  9400 | Temple   | Became a worshipper of Warmaster Okawaru
  9549 | D:7      | You pick up a book of Party Tricks and begin reading...
  9549 | D:7      | You add the spells Apportation and Alistair's Intoxication
                  | to your library.
  9825 | D:7      | Noticed a hornet
  9842 | D:7      | Killed a hornet
 10138 | D:7      | Reached skill level 9 in Maces & Flails
 10139 | D:7      | Reached * piety under Okawaru
 10140 | D:7      | Reached skill level 9 in Fighting
 10577 | D:7      | Reached XP level 10. HP: 69/109 MP: 10/10
 10839 | D:8      | Reached skill level 10 in Fighting
 11006 | D:8      | Found a bloodstained altar of Trog.
 11169 | D:8      | Reached skill level 11 in Fighting
 11311 | D:8      | Reached ** piety under Okawaru
 11312 | D:8      | Reached skill level 1 in Invocations
 11318 | D:8      | Reached skill level 2 in Invocations
 11368 | D:8      | Found a staircase to the Lair.
 11862 | D:4      | Bought a runed eveningstar for 450 gold pieces
 11863 | D:4      | h - a +4 eveningstar of protection {macerare=g}
 12100 | D:8      | Found the ring of the Octopus King {Wiz HP+2 AC+2 EV+2
                  | SH+2}
 12100 | D:8      | an orc wizard comes into view. It is wielding a +0 dagger
                  | and wearing a ring of the Octopus King {Wiz HP+2 AC+2 EV+2
                  | SH+2}.
 12234 | D:9      | Found a flagged portal.
 12438 | D:9      | Reached skill level 3 in Invocations
 12625 | Bailey   | Entered a bailey
 12699 | Bailey   | Noticed an orc knight
 12727 | Bailey   | Killed an orc knight
 12727 | Bailey   | Reached *** piety under Okawaru
 12728 | Bailey   | Reached skill level 7 in Throwing
 12800 | Bailey   | Noticed an orc knight
 12832 | Bailey   | Killed an orc knight
 12833 | Bailey   | Reached skill level 12 in Fighting
 12833 | Bailey   | Reached skill level 4 in Invocations
 12834 | Bailey   | Received a gift from Okawaru
 12835 | Bailey   | Reached XP level 11. HP: 92/123 MP: 11/14
 13027 | Bailey   | Noticed an orc high priest
 13077 | Bailey   | Noticed a soul eater
 13084 | Bailey   | Killed an orc high priest
 13149 | Bailey   | Acquired 747 gold pieces
 13150 | Bailey   | Acquired the +7 morningstar of Plague {antimagic, Int+3}
 13173 | Bailey   | Found an iron altar of Okawaru.
 13173 | Bailey   | Noticed an orc high priest
 13203 | Bailey   | Killed an orc high priest
 13203 | Bailey   | Reached **** piety under Okawaru
 13204 | Bailey   | Reached skill level 10 in Maces & Flails
 13204 | Bailey   | Reached skill level 5 in Invocations
 13311 | Bailey   | You add the spells Borgnjor's Vile Clutch and Eringya's
                  | Noxious Bog to your library.
 13326 | Bailey   | Identified the +4 shortbow of Action {vorpal, Drain rCorr
                  | Int+3}
 14558 | D:9      | Reached skill level 8 in Throwing
 14943 | D:9      | Identified the ring "Luebrius" {*Slow rElec rCorr Str+5
                  | Dex+2}
 14960 | D:9      | Found Nevejit's Assorted Antiques.
 14968 | D:9      | Bought a scroll of identify for 48 gold pieces
 15021 | D:10     | Entered Level 10 of the Dungeon
 15029 | D:10     | Found Fikhomni's Weapon Boutique.
 15140 | D:10     | Reached ***** piety under Okawaru
 15241 | D:10     | You pick up a book of Displacement and begin reading...
 15241 | D:10     | You add the spells Lesser Beckoning, Gell's Gravitas and
                  | Teleport Other to your library.
 15493 | D:10     | Noticed a tengu warrior
 15530 | D:10     | Killed a tengu warrior
 15531 | D:10     | Reached skill level 13 in Fighting
 15531 | D:10     | Reached skill level 6 in Invocations
 15783 | D:10     | Received a gift from Okawaru
 15964 | D:10     | Received a gift from Okawaru
 16317 | D:10     | Bought the +9 shortbow "Xirunups" {speed, rPois rF+ Dex-2}
                  | for 952 gold pieces
 16375 | D:11     | Noticed a cyclops
 16381 | D:11     | Killed a cyclops
 16382 | D:11     | Reached skill level 9 in Throwing
 16382 | D:11     | Reached XP level 12. HP: 136/136 MP: 16/16
 16464 | D:11     | Noticed Harold
 16512 | D:11     | Killed Harold
 16513 | D:11     | Reached skill level 1 in Ranged Weapons
 16813 | D:11     | Reached skill level 14 in Fighting
 16903 | D:11     | You add the spells Ignite Poison, Sticky Flame and Ignition
                  | to your library.
 16915 | D:11     | Found a staircase to the Orcish Mines.
 16930 | D:11     | You fall into a shaft and drop 1 floor!
 17044 | D:11     | Received a gift from Okawaru
 17045 | D:11     | Reached skill level 11 in Maces & Flails
 17051 | D:11     | Reached skill level 2 in Ranged Weapons
 18128 | D:12     | You pick up a book of Rime and begin reading...
 18128 | D:12     | You add the spells Frozen Ramparts and Ice Form to your
                  | library.
 18481 | D:12     | Identified the ring "Jymeuzal" {Fire rElec}
 18544 | D:12     | Received a gift from Okawaru
 18597 | D:13     | Noticed Azrael
 18613 | D:12     | Reached skill level 10 in Throwing
 18709 | Lair:1   | Entered Level 1 of the Lair of Beasts
 19007 | Lair:1   | Identified the +6 shortbow "Alaimoh" {speed, Int+6}
                  | (Okawaru gifted it to you on level 1 of the Lair of Beasts)
 19007 | Lair:1   | Received a gift from Okawaru
 19040 | Lair:1   | Reached skill level 15 in Fighting
 19225 | Lair:1   | Reached ****** piety under Okawaru
 19237 | Lair:1   | Reached XP level 13. HP: 128/150 MP: 17/17
 19395 | Lair:1   | Reached skill level 12 in Maces & Flails
 19465 | Lair:1   | Received a gift from Okawaru
 19780 | Lair:2   | Reached skill level 11 in Throwing
 19825 | Lair:2   | Found a staircase to the Shoals.
 20385 | Lair:2   | Reached skill level 16 in Fighting
 20744 | Lair:2   | You pick up a book of the Moon and begin reading...
 20744 | Lair:2   | You add the spells Passage of Golubria, Silence and
                  | Lehudib's Crystal Spear to your library.
 20950 | Lair:3   | Found a staircase to the Snake Pit.
 21130 | Lair:3   | Identified the +8 morningstar "Niqyups" {speed, rElec
                  | Dex+4}
 21422 | Lair:3   | Received a gift from Okawaru
 21665 | Lair:3   | Identified the +1 robe of Cloud Cover {rC+ Str+4}
 22278 | Lair:4   | Received a gift from Okawaru
 22371 | Lair:4   | Received a gift from Okawaru
 22379 | Lair:4   | Reached skill level 13 in Maces & Flails
 22381 | Lair:4   | Received a gift from Okawaru
 22382 | Lair:4   | Reached skill level 17 in Fighting
 22437 | Lair:4   | Found a viscous altar of Jiyva.
 22437 | Lair:4   | Found a staircase to the Slime Pits.
 22589 | Lair:4   | Acquired 792 gold pieces
 23126 | Lair:5   | Entered Level 5 of the Lair of Beasts
 23180 | Lair:4   | Received a gift from Okawaru
 23364 | Lair:5   | Reached skill level 14 in Maces & Flails
 23368 | Lair:5   | Reached XP level 14. HP: 164/166 MP: 18/18
 23552 | Lair:4   | Received a gift from Okawaru
 23725 | Lair:4   | Reached skill level 1 in Armour
 23823 | Lair:4   | Received a gift from Okawaru
 24126 | Lair:5   | Received a gift from Okawaru
 24384 | Lair:5   | Reached skill level 2 in Armour
 24481 | Lair:5   | Identified the +0 hat of the Gate {Fly Will- Str+4 SInv}
                  | (Okawaru gifted it to you on level 5 of the Lair of Beasts)
 24481 | Lair:5   | Received a gift from Okawaru
 24482 | Lair:5   | Reached skill level 7 in Invocations
 24673 | Lair:5   | Reached skill level 6 in Dodging
 24729 | Lair:5   | Reached skill level 3 in Armour
 25346 | Orc:1    | Entered Level 1 of the Orcish Mines
 25432 | Orc:2    | Entered Level 2 of the Orcish Mines
 25432 | Orc:2    | Found Hizann Ketui's General Store.
 25830 | Orc:2    | Identified the +2 robe of Dramatic Exits {rF+ Regen+ Str+9}
                  | (Okawaru gifted it to you on level 2 of the Orcish Mines)
 25830 | Orc:2    | Received a gift from Okawaru
 25831 | Orc:2    | Reached skill level 8 in Invocations
 25833 | Orc:2    | Reached XP level 15. HP: 176/176 MP: 19/21
 25847 | Orc:2    | Found Roeholenoi's Antique Weapon Shoppe.
 25898 | Orc:2    | Reached skill level 12 in Throwing
 25898 | Orc:2    | Found Lykagh's Book Shoppe.
 25914 | Orc:2    | HP: 37/178 [orc priest/divine providence (15)]
 25919 | Orc:2    | HP: 7/178 [orc priest/divine providence (15)]
 25922 | Orc:2    | Killed from afar by an orc priest

Vanquished Creatures
  3 ettins
  3 hydras
  Harold (D:11)
  A catoblepas (Lair:5)
  A boulder beetle (Lair:3)
  2 two-headed ogres (Orc:2)
  A tengu warrior (D:10)
  A deep troll shaman (Lair:5)
  2 orc high priests (Bailey)
  18 death yaks
  A lindwurm (Lair:5)
  2 orc knights (Bailey)
  An oklob plant (Lair:1)
  6 cyclopes
  2 manticores (D:11)
  4 black mambas
  11 elephants
  A gargoyle (D:11)
  A torpor snail (Lair:5)
  6 cane toads
  2 unseen horrors
  4 rime drakes
  10 komodo dragons
  5 polar bears
  5 trolls
  A hornet (D:7)
  Grinder (D:4)
  13 blink frogs
  4 slime creatures (D:12)
  4 dream sheep (Lair:5)
  3 wyverns
  55 yaks
  3 fire elementals
  A wraith (D:11)
  4 basilisks
  3 steam dragons
  Edmund (D:5)
  2 nagas (Lair:3)
  5 vampire mosquitoes
  4 wargs
  3 acid dragons (D:11)
  12 water moccasins
  2 black bears
  3 ice beasts
  A sky beast (D:8)
  13 orc warriors
  8 wolves
  4 centaurs
  2 phantoms
  12 bullfrogs
  2 gnoll sergeants
  2 scorpions
  12 wights
  6 killer bees (D:9)
  9 howler monkeys
  12 electric eels
  2 jellies
  16 orc priests
  3 gnoll boudas
  4 hounds
  Crazy Yiuf (D:5)
  3 iguanas
  11 hell rats (Lair:1)
  18 orc wizards
  Robin (D:2)
  35 gnolls
  6 adders
  5 shadow imps
  8 white imps
  5 ufetubi
  2 dart slugs
  51 orcs
  9 ball pythons
  7 endoplasms
  A giant cockroach (D:2)
  27 goblins
  17 hobgoblins
  8 bats
  5 frilled lizards
  11 kobolds
  3 rats
560 creatures vanquished.

Vanquished Creatures (others)
  An orc wizard (D:3)
  4 demonic plants (D:6)
  23 fungi
  39 plants
67 creatures vanquished.

Grand Total: 627 creatures vanquished

Table legend:
 A = Non-vault XP
 B = Vault XP
 C = Vault XP percentage of total XP
 D = Non-vault monster count
 E = Vault monster count
 F = Vault count percentage of total count
                 A         B        C        D         E       F
            +---------+---------+-------+---------+---------+-------
      Total |   60684 |   27997 |  31.6 |     410 |     151 |  26.9
            +---------+---------+-------+---------+---------+-------
        D:1 |      39 |       5 |  11.4 |      22 |       2 |   8.3
        D:2 |      31 |      43 |  58.1 |      10 |      18 |  64.3
        D:3 |     221 |       0 |   0.0 |      25 |       0 |   0.0
        D:4 |     632 |     286 |  31.2 |      32 |       1 |   3.0
        D:5 |     995 |     208 |  17.3 |      20 |       2 |   9.1
        D:6 |     361 |     465 |  56.3 |      12 |      15 |  55.6
        D:7 |    1483 |       0 |   0.0 |      31 |       0 |   0.0
        D:8 |    2953 |     561 |  16.0 |      33 |       7 |  17.5
        D:9 |    1826 |       0 |   0.0 |      21 |       0 |   0.0
       D:10 |    3476 |     802 |  18.7 |      27 |       1 |   3.6
       D:11 |    2376 |    2637 |  52.6 |      12 |      20 |  62.5
       D:12 |    3615 |     196 |   5.1 |      24 |       1 |   4.0
     Lair:1 |    5691 |    1279 |  18.4 |      32 |       4 |  11.1
     Lair:2 |    3542 |    1517 |  30.0 |      14 |       7 |  33.3
     Lair:3 |    2196 |    1151 |  34.4 |      10 |       5 |  33.3
     Lair:4 |   13550 |       0 |   0.0 |      36 |       0 |   0.0
     Lair:5 |   15774 |    8930 |  36.1 |      44 |      18 |  29.0
      Orc:1 |       0 |     948 | 100.0 |       0 |       1 | 100.0
      Orc:2 |    1923 |    4576 |  70.4 |       5 |       7 |  58.3
     Bailey |       0 |    4393 | 100.0 |       0 |      42 | 100.0
            +---------+---------+-------+---------+---------+-------

Illustrated notes

Table legend:
 A = Kills in this place as a percentage of kills in entire the game.
 B = Kills by you in this place as a percentage of kills by you in the entire game.
 C = Kills by friends in this place as a percentage of kills by friends in the entire game.
 D = Other kills in this place as a percentage of other kills in the entire game.
 E = Experience gained in this place as a percentage of experience gained in the entire game.
 F = Experience gained in this place divided by the number of levels of this place that you have seen.
                   A       B       C       D       E      F
               +-------+-------+-------+-------+-------+----------------------
         Total | 100.0 | 100.0 |   N/A | 100.0 | 100.0 | 4031.0
       Dungeon |  59.9 |  59.8 |   N/A | 100.0 |  26.2 | 1785.5
          Lair |  30.3 |  30.4 |   N/A |   0.0 |  60.5 | 10726.0
  Orcish Mines |   2.3 |   2.3 |   N/A |   0.0 |   8.4 | 3723.5
        Bailey |   7.5 |   7.5 |   N/A |   0.0 |   5.0 | 4393.0
               +-------+-------+-------+-------+-------+----------------------

Table legend: (Time is in decaauts)
 A = Elapsed time spent in this place.
 B = Non-inter-level travel time spent in this place.
 C = Inter-level travel time spent in this place.
 D = Time resting spent in this place.
 E = Time spent auto-exploring this place.
 F = Levels seen in this place.
 G = Mean time per level.
                   A        B        C        D        E       F      G
               +--------+--------+--------+--------+--------+-----+--------+
         Total |  25964 |  24791 |   1173 |   7066 |  13782 |  22 | 1180.2 |
       Dungeon |  17404 |  16494 |    910 |   5317 |   8807 |  13 | 1338.8 |
        Temple |     18 |     18 |      0 |      0 |      0 |   1 |   18.0 |
          Lair |   6319 |   6070 |    249 |    738 |   4407 |   5 | 1263.8 |
  Orcish Mines |    577 |    564 |     13 |    317 |    150 |   2 |  288.5 |
        Bailey |   1643 |   1643 |      0 |    693 |    418 |   1 | 1643.0 |
               +--------+--------+--------+--------+--------+-----+--------+

Top non-repeatable levels by time:
     D:4: 2031 daAuts
     D:6: 1975 daAuts
  Lair:4: 1791 daAuts
     D:7: 1720 daAuts
  Bailey: 1643 daAuts
     D:1: 1617 daAuts
    D:10: 1566 daAuts
     D:3: 1541 daAuts
     D:8: 1518 daAuts
     D:5: 1435 daAuts
  Lair:5: 1393 daAuts
  Lair:3: 1229 daAuts
  Lair:2: 1119 daAuts
    D:12: 1106 daAuts
    D:11: 998 daAuts
